Map: [ESL] Site Delta

Players

SKillous

  • Race: Protoss Protoss
  • Spawn Location: 5:00

Spirit - Winner!

  • Race: Terran Terran
  • Spawn Location: 11:00

Event: ESL SC2 Masters 2024 Spring (Regional)

VOD

Have the link to the VOD?

Description

Time

  • Played on: April 17, 2024, 10:47 a.m.
  • Length: 17:02

All games in this series

Show
View Real Time Build Order
Export as new Build Order

SKillous Protoss 

Build Orders: 1 Gate Expand, Phoenix Opening, Colossus Rush 

Get SALT Encoding   

  12  0:00  Probe  
  13  0:12  Probe  
  14  0:18  Pylon  
  14  0:24  Probe  
  15  0:36  Gateway  
  15  0:37  Probe (Chrono Boost)  
  15  0:42  Assimilator  
  16  0:46  Probe (Chrono Boost)  
  17  0:51  Probe (Chrono Boost)  
  18  1:03  Probe  
  19  1:15  Probe  
  20  1:23  Cybernetics Core  
  20  1:34  Nexus  
  20  1:39  Pylon  
  20  1:42  Probe  
  21  1:48  Assimilator  
  21  1:54  Probe  
  21  1:57  Adept (Chrono Boost)  
  24  2:06  Probe  
  25  2:18  Stargate  
  25  2:19  Probe  
  26  2:26  Stalker  
  28  2:31  Probe (Chrono Boost)  
  28  2:36  Warp Gate  
  29  2:43  Probe (Chrono Boost)  
  30  2:47  Probe (Chrono Boost)  
  32  2:51  Probe (Chrono Boost)  
  32  2:55  Probe (Chrono Boost)  
  34  2:58  Probe (Chrono Boost)  
  34  3:00  Probe (Chrono Boost)  
  34  3:02  Phoenix (Chrono Boost)  
  37  3:09  Probe  
  37  3:12  Probe  
  39  3:15  Pylon  
  39  3:21  Phoenix (Chrono Boost), Probe  
  39  3:24  Probe  
  43  3:29  Assimilator  
  43  3:31  Assimilator  
  43  3:32  Robotics Facility  
  43  3:33  Probe  
  44  3:36  Probe  
  44  3:41  Gateway  
  45  3:46  Shield Battery  
  45  3:47  Probe (Chrono Boost)  
  46  3:50  Phoenix  
  46  3:52  Probe (Chrono Boost)  
  49  3:56  Pylon  
  51  4:03  Probe x2 (Chrono Boost)  
  51  4:08  Probe (Chrono Boost)  
  51  4:13  Probe  
  51  4:15  Phoenix  
  51  4:16  Immortal (Chrono Boost)  
  55  4:23  Probe  
  60  4:29  Robotics Bay  
  60  4:30  Pylon  
  60  4:39  Pylon  
  60  4:45  Observer (Chrono Boost)  
  60  4:49  Probe  
  60  4:50  Probe  
  60  4:51  Nexus  
  63  5:01  Probe  
  63  5:05  Pylon  
  64  5:07  Pylon  
  64  5:08  Probe  
  64  5:09  Pylon  
  64  5:12  Stalker x2  
  68  5:14  Probe  
  68  5:20  Probe  
  70  5:22  Phoenix  
  70  5:27  Probe  
  70  5:32  Probe  
  70  5:39  Probe  
  71  5:44  Colossus (Chrono Boost)  
  71  5:48  Probe, Nexus  
  71  5:49  Pylon  
  78  5:55  Sentry, Probe  
  81  5:58  Pylon, Sentry  
  81  6:01  Probe  
  84  6:07  Probe  
  85  6:13  Probe  
  86  6:19  Probe  
  86  6:24  Nexus  
  86  6:25  Probe  
  86  6:26  Pylon  
  86  6:31  Probe (Chrono Boost)  
  87  6:37  Probe (Chrono Boost), Colossus (Chrono Boost)  
  95  6:47  Twilight Council  
  95  6:48  Forge  
  95  6:49  Probe x2 (Chrono Boost)  
  95  6:50  Extended Thermal Lance  
  96  6:55  Probe (Chrono Boost)  
  96  6:56  Probe (Chrono Boost)  
  98  7:01  Sentry  
  98  7:02  Zealot  
  98  7:04  Probe  
  98  7:06  Probe  
  98  7:07  Pylon, Probe  
  105  7:14  Forge  
  105  7:16  Probe  
  105  7:18  Probe  
  107  7:25  Protoss Ground Weapons Level 1 (Chrono Boost)  
  107  7:26  Colossus  
  114  7:30  Charge, Probe (Chrono Boost)  
  114  7:31  Gateway  
  114  7:34  Gateway  
  114  7:38  Probe x3 (Chrono Boost)  
  114  7:42  Protoss Ground Armor Level 1 (Chrono Boost)  
  118  7:46  Probe (Chrono Boost)  
  118  7:48  Probe (Chrono Boost)  
  118  7:49  Probe (Chrono Boost)  
  120  7:51  Gateway  
  120  7:54  Probe, Gateway  
  120  7:55  Probe x2  
  120  7:56  Gateway  
  123  8:07  Pylon, Zealot x2  
  123  8:10  Gateway  
  127  8:12  Gateway  
  127  8:15  Gateway  
  127  8:19  Nexus  
  127  8:23  Warp Prism  
  127  8:24  Pylon  
  129  8:28  Dark Shrine  
  129  8:33  Pylon, Probe  
  130  8:44  Zealot x4  
  130  8:46  Pylon  
  130  8:47  Probe x4  
  142  8:49  Shield Battery  
  142  8:52  Gateway  
  142  8:53  Gateway  
  142  8:58  Pylon  
  142  9:00  Stalker x3  
  144  9:08  Zealot x6  
  155  9:14  Zealot  
  145  9:18  Probe  
  145  9:21  Shield Battery  
  142  9:28  Zealot x8  
  142  9:29  Zealot  
  156  9:33  Probe  
  156  9:37  Nexus  
  151  9:40  Pylon  
  139  9:49  Protoss Ground Armor Level 2 (Chrono Boost)  
  137  9:53  Nexus  
  137  9:57  Protoss Ground Weapons Level 2 (Chrono Boost)  
  129  10:03  Zealot x6  
  129  10:05  Observer (Chrono Boost)  
  145  10:08  Stalker x2  
  144  10:21  Shadow Stride (Chrono Boost)  
  144  10:28  Pylon  
  144  10:30  Stalker x4  
  144  10:32  Disruptor (Chrono Boost)  
  144  10:33  Shield Battery  
  144  10:34  Pylon x2  
  156  10:49  Zealot x6  
  162  10:54  Blink  
  162  10:57  Stalker  
  158  10:58  Zealot  
  158  11:01  Zealot  
  162  11:08  Stalker x3  
  160  11:11  Probe  
  149  11:19  Probe  
  140  11:33  Robotics Facility  
  140  11:41  Zealot x11  
  140  11:42  Nexus  
  140  11:43  Disruptor (Chrono Boost)  
  140  11:44  Pylon  
  164  11:49  Shield Battery  
  164  11:58  Zealot  
  166  12:04  Zealot x6  
  166  12:05  Zealot x3  
  166  12:08  Zealot x2  
  141  12:25  Probe  
  141  12:26  Nexus  
  141  12:27  Protoss Ground Armor Level 3 (Chrono Boost), Probe  
  131  12:37  Protoss Ground Weapons Level 3 (Chrono Boost)  
  131  12:39  Colossus x2 (Chrono Boost)  
  131  12:41  Dark Templar  
  131  12:42  Zealot  
  135  12:53  Stalker x4  
  135  12:56  Zealot  
  135  12:58  Shield Battery  
  145  13:02  Zealot  
  143  13:15  Zealot x6  
  155  13:24  Disruptor (Chrono Boost)  
  151  13:30  Stalker x6  
  163  13:39  Stalker x2  
  167  13:47  Void Ray (Chrono Boost)  
  147  14:04  Zealot x5  
  123  14:28  Zealot x3, Dark Templar x4  
  123  14:31  Nexus  
  137  14:33  Disruptor  
  137  14:37  Zealot  
  137  14:38  Zealot  
  143  14:44  Zealot  
  145  14:50  Dark Templar  
  137  14:59  Stalker  
  135  15:00  Stalker x3  
  123  15:23  Nexus  
  123  15:25  Dark Templar  
  123  15:27  Dark Templar  
  123  15:28  Disruptor (Chrono Boost)  
  119  15:33  Dark Templar  
  113  15:44  Zealot x4  
  113  15:47  Dark Templar  
  121  15:58  Disruptor (Chrono Boost)  
  119  16:04  Zealot x2  
  119  16:06  Disruptor (Chrono Boost)  
  123  16:20  Zealot x4  
  109  16:27  Zealot x2  
  97  16:34  Dark Templar  
  97  16:37  Zealot x2  
  97  16:38  Dark Templar  
  91  16:40  Zealot x2  
  91  16:47  Zealot x3  
  72  16:57  Zealot x2  
Show
View Real Time Build Order
Export as new Build Order

Spirit Terran - Winner!

Build Orders: Cyclone Opening 

Get SALT Encoding   

  12  0:00  SCV  
  13  0:12  SCV  
  14  0:17  Supply Depot  
  14  0:24  SCV  
  15  0:38  SCV  
  15  0:40  Barracks  
  16  0:43  Refinery  
  16  0:50  SCV  
  17  1:03  SCV  
  18  1:15  SCV  
  19  1:28  Marine  
  19  1:29  Orbital Command  
  20  1:40  Command Center  
  20  1:52  Factory  
  20  1:54  SCV  
  20  1:59  Refinery  
  21  2:04  Barracks Reactor  
  21  2:06  SCV  
  22  2:11  Supply Depot  
  22  2:18  SCV  
  23  2:33  SCV  
  23  2:35  Cyclone  
  26  2:41  Marine x2  
  26  2:43  Starport  
  28  2:47  SCV  
  29  2:59  SCV  
  29  3:00  Marine x2  
  32  3:07  Cyclone  
  32  3:11  SCV  
  32  3:12  Orbital Command  
  35  3:20  Marine x2  
  35  3:23  SCV  
  35  3:25  Medivac  
  40  3:33  Supply Depot  
  40  3:35  SCV  
  40  3:38  SCV  
  42  3:47  SCV  
  43  3:50  SCV  
  43  3:55  Cyclone x2  
  48  3:59  SCV  
  48  4:02  SCV, Liberator  
  53  4:05  Supply Depot  
  53  4:11  SCV  
  53  4:13  Supply Depot  
  54  4:21  Barracks Tech Lab  
  54  4:27  SCV x2  
  56  4:33  Command Center  
  56  4:39  SCV x2  
  59  4:50  Siege Tank, Marine x2  
  59  4:51  SCV x2  
  66  4:52  Bunker  
  66  4:55  Supply Depot  
  66  4:57  Starport Tech Lab  
  64  5:03  SCV x2  
  64  5:08  Marine  
  62  5:15  SCV x2  
  62  5:17  Interference Matrix, Raven  
  62  5:19  Barracks  
  62  5:20  Barracks, Marine  
  65  5:27  SCV x2  
  65  5:36  Refinery  
  65  5:37  Refinery  
  65  5:39  SCV x2  
  65  5:40  Engineering Bay  
  65  5:41  Supply Depot, Engineering Bay  
  67  5:43  Marine  
  67  5:48  Siege Tank  
  68  5:51  SCV x2  
  68  5:56  Orbital Command  
  70  6:03  SCV x2  
  72  6:05  Barracks  
  72  6:07  Barracks  
  72  6:10  Barracks Tech Lab  
  72  6:13  Terran Infantry Weapons Level 1, Terran Infantry Armor Level 1  
  72  6:15  SCV x2  
  72  6:16  Supply Depot  
  73  6:22  SCV  
  73  6:23  Marine  
  74  6:26  Stimpack  
  74  6:27  Marine, Marauder  
  74  6:28  SCV  
  74  6:31  Marine  
  74  6:32  SCV  
  80  6:35  Combat Shield  
  79  6:40  SCV, Marine  
  79  6:41  Starport Reactor  
  79  6:44  Marine, Missile Turret  
  81  6:47  Marine  
  81  6:48  Marine  
  81  6:53  SCV  
  84  6:54  Siege Tank  
  84  6:58  Marine  
  84  6:59  Barracks Reactor  
  88  7:02  SCV, Marine  
  88  7:07  Supply Depot  
  89  7:16  SCV, Marine  
  89  7:18  SCV  
  89  7:20  Supply Depot, Marine  
  93  7:24  Marauder  
  93  7:25  Marauder  
  95  7:30  Barracks Tech Lab  
  95  7:31  Medivac  
  95  7:33  SCV  
  97  7:39  SCV  
  97  7:42  Siege Tank  
  101  7:45  SCV  
  101  7:46  Marauder  
  101  7:47  Marine, Marauder  
  101  7:48  Marine  
  101  7:50  Orbital Command  
  101  7:51  SCV  
  109  7:52  Marine  
  109  7:54  Concussive Shells  
  109  7:56  Supply Depot  
  109  7:57  SCV, Supply Depot  
  109  7:58  Armory  
  111  8:03  SCV  
  111  8:04  Marauder  
  114  8:07  Medivac, Supply Depot, Marauder  
  114  8:08  Marauder  
  114  8:09  SCV  
  114  8:11  Marine x2  
  123  8:15  SCV  
  123  8:19  Supply Depot  
  124  8:20  Supply Depot  
  124  8:21  Marine  
  124  8:24  SCV  
  124  8:26  Marauder  
  128  8:28  Marine  
  128  8:29  Marauder  
  128  8:30  Marauder  
  128  8:32  Refinery  
  128  8:33  Refinery  
  133  8:36  Ghost Academy  
  133  8:39  SCV  
  133  8:40  Marine  
  133  8:41  Sensor Tower, Marine  
  135  8:44  Medivac x2  
  135  8:46  SCV  
  135  8:47  Marauder  
  143  8:49  Marine  
  143  8:50  SCV, Marauder  
  146  8:57  Marauder, Marine  
  146  9:01  Marine  
  150  9:03  SCV  
  150  9:06  Marine  
  150  9:09  Marauder  
  154  9:10  Marine  
  154  9:12  Marine  
  154  9:14  Medivac, Marine  
  153  9:18  Marauder  
  153  9:20  Medivac  
  153  9:22  Marine  
  153  9:24  Marine  
  157  9:28  Command Center  
  157  9:29  Marine  
  157  9:30  Marauder  
  156  9:31  Marine  
  156  9:36  Marine  
  149  9:40  Marine, Marauder  
  149  9:44  Medivac  
  149  9:45  Marine  
  144  9:50  Medivac  
  139  10:03  Terran Infantry Weapons Level 2, Missile Turret  
  139  10:06  Supply Depot  
  143  10:08  Ghost x3  
  143  10:09  Marine x4  
  143  10:11  Terran Infantry Armor Level 2  
  143  10:17  SCV  
  143  10:18  Barracks  
  143  10:19  Barracks x2, Terran Ship Weapons Level 1  
  143  10:20  Widow Mine  
  146  10:27  Marine  
  147  10:30  Viking  
  147  10:31  Viking  
  151  10:36  SCV, Ghost  
  151  10:37  Marauder  
  151  10:38  Missile Turret  
  151  10:41  Marine  
  157  10:48  Marine  
  157  10:49  SCV  
  157  10:50  Ghost  
  157  10:51  Marine  
  157  10:53  Marine  
  157  10:54  SCV  
  159  10:59  Marine, Marauder  
  159  11:00  SCV, Viking  
  159  11:01  SCV  
  166  11:05  Marine  
  166  11:06  Marauder  
  166  11:08  SCV  
  164  11:13  Medivac  
  164  11:14  SCV  
  164  11:15  Marine  
  154  11:19  Ghost  
  154  11:20  SCV, Marauder  
  154  11:23  Barracks Tech Lab  
  154  11:24  Barracks Tech Lab  
  156  11:25  SCV  
  156  11:28  Marine  
  156  11:30  Medivac  
  156  11:32  Barracks Tech Lab  
  154  11:33  Planetary Fortress  
  154  11:35  SCV  
  154  11:39  SCV  
  152  11:40  Ghost  
  152  11:41  SCV  
  152  11:46  Marine, Marauder  
  160  11:47  Marauder  
  160  11:51  Missile Turret  
  160  11:52  Missile Turret  
  160  11:56  Marine  
  159  12:02  Marine  
  159  12:03  Marauder  
  155  12:09  Marine  
  155  12:10  Marine, Marauder x5  
  155  12:11  SCV  
  155  12:14  Marine  
  154  12:19  Medivac x2  
  154  12:20  Marine  
  154  12:21  Sensor Tower  
  159  12:24  SCV, Marauder  
  159  12:26  SCV  
  159  12:27  Marine  
  159  12:28  Marine  
  159  12:29  SCV  
  160  12:31  Marauder x3, Marine x2  
  160  12:32  Marine  
  160  12:36  SCV  
  168  12:38  SCV  
  168  12:41  SCV  
  170  12:46  Sensor Tower  
  170  12:48  SCV  
  170  12:49  Medivac x2  
  170  12:50  SCV  
  176  12:56  SCV  
  176  12:57  Bunker, Missile Turret  
  177  12:58  Ghost  
  177  13:00  SCV  
  177  13:02  SCV  
  177  13:07  Ghost  
  177  13:12  Ghost  
  183  13:13  Marauder, Marine  
  183  13:18  Command Center  
  178  13:28  Medivac x2  
  182  13:34  Marine  
  182  13:35  Marauder  
  182  13:38  Ghost  
  187  13:45  Marine  
  188  13:51  Marauder, Marine  
  184  13:56  Ghost  
  184  13:57  Marine  
  184  13:58  SCV, Medivac  
  184  14:01  Marauder x3, Marine  
  184  14:02  Marine  
  181  14:07  Marauder  
  181  14:09  Marine  
  161  14:12  Marine  
  161  14:15  Marine  
  137  14:19  Marine  
  137  14:20  Marine  
  137  14:22  Marine  
  137  14:23  Marauder x2  
  123  14:24  Marine  
  123  14:27  Marine  
  123  14:28  Marine  
  123  14:30  Marauder  
  123  14:33  Marine  
  123  14:37  Marine  
  123  14:38  Marine  
  120  14:41  Marauder  
  120  14:43  Marauder  
  120  14:44  Marauder, Marine  
  120  14:45  Marine  
  126  14:46  Marauder  
  126  14:51  Marine  
  126  14:52  Marauder  
  123  14:54  Marine  
  123  14:56  Marine  
  125  15:02  Marauder, Marine  
  125  15:03  Marine  
  125  15:04  Marauder  
  125  15:06  Marauder  
  123  15:08  Marauder  
  123  15:09  Marine  
  123  15:12  Marine  
  123  15:13  Marauder  
  123  15:14  Marine  
  129  15:19  Marine  
  129  15:21  Marine  
  130  15:23  Marauder  
  130  15:26  Marine, Marauder  
  130  15:27  Marauder  
  136  15:29  Marauder  
  136  15:30  Marine  
  136  15:31  Marine  
  136  15:34  Marauder  
  140  15:37  Medivac, Marine  
  140  15:38  Marine  
  142  15:44  Marine x2  
  142  15:46  Marine  
  142  15:48  Marine  
  136  15:51  Marine x2  
  136  15:53  Marine  
  136  15:55  Marine x2  
  136  15:56  Marine  
  140  16:02  Marine  
  140  16:03  Marauder  
  142  16:05  Marauder  
  142  16:06  Ghost Academy, Marine  
  142  16:09  SCV x2, Marine  
  150  16:13  SCV  
  150  16:15  Viking  
  148  16:21  SCV  
  145  16:27  Marine  
  145  16:29  Marine x4  
  138  16:33  Marine  
  138  16:35  Marine x4  
Tags
 
Add a new tag
Caveats
  • Supply blocks, unpowered buildings, or Contaminate may cause inaccurate times.
  • Supply counts are checked every 10 seconds.